 Dungeon Crawl Stone Soup version 0.32-a0-422-g28b100f618 (webtiles) character file.

Game seed: 12300888711347294223

163 dialectric the Changeling (level 5, 0/45 HPs)
             Began as a Draconian Shapeshifter on Feb 21, 2024.
             Slain by a gnoll
             ... wielding a +0 halberd
              (7 damage)
             ... on level 3 of the Dungeon.
             The game lasted 00:01:58 (1974 turns).

dialectric the Changeling (Draconian Shapeshifter)  Turns: 1974, Time: 00:01:59

Health: 0/45       AC:  5    Str: 18    XL:     5   Next: 20%
Magic:  5/5        EV: 13    Int: 11    God:
Gold:   131        SH:  0    Dex: 16    Spells: 4/4 levels left

rFire   . . .        j - +0 dagger (drain)
rCold   . . .        (no shield)
rNeg    . . .        (body armour unavailable)
rPois   .            (helmet currently unavailable)
rElec   .            (cloak currently unavailable)
rCorr   .            (gloves currently unavailable)
SInv    .            (boots currently unavailable)
Will    .....        (no amulet)
Stlth   +            d - +4 ring of slaying
HPRegen 0.27/turn    i - +6 ring of dexterity
MPRegen 0.09/turn

%: no passive effects
@: beast-form
A: beast (slay +2), AC +5, unfitting armour, cold-blooded
a: Begin Untransformation


You were on level 3 of the Dungeon.
You were a hulking beast.
You visited 1 branch of the dungeon, and saw 3 of its levels.

You collected 131 gold pieces.

Inventory:

Hand Weapons
 f - a +0 whip of pain
 j - a +0 dagger of draining (weapon)
Armour
 e - a +0 helmet
Jewellery
 d - a +4 ring of slaying (left hand)
 i - a +6 ring of dexterity (right hand)
Talismans
 b - a beast talisman (active)
 c - a flux talisman
Scrolls
 h - a scroll of fog {unknown}
 k - a scroll of amnesia {unknown}
 l - a scroll of identify {unknown}
 o - a scroll of noise {unknown}
 p - 2 scrolls of immolation {unknown}
Potions
 a - a potion of lignification
 g - a potion of curing {unknown}
 m - a potion of heal wounds {unknown}
 n - a potion of magic {unknown}


   Skills:
 * Level 3.6 Fighting
 + Level 1.1 Maces & Flails
 + Level 2.7 Dodging
 - Level 3.1 Unarmed Combat
 * Level 3.7 Shapeshifting


You had 4 spell levels left.
You didn't know any spells.
Your spell library contained the following spells:

 Spells                   Type           Power      Damage    Failure   Level
 Call Imp                 Summ           0%         N/A       47%         2
 Cigotuvi's Dreadful Rot  Necr/Alch/Air  0%         N/A       47%         2
 Sublimation of Blood     Necr           0%         N/A       47%         2
 Volatile Blastmotes      Fire/Tloc      0%         2d10      71%         3
 Fulminant Prism          Conj/Alch      0%         3d5       98%         4
 Ignite Poison            Fire/Alch      0%         N/A       98%         4
 Iskenderun's Mystic Bla  Conj/Tloc      0%         2d3       98%         4
 Freezing Cloud           Conj/Ice/Air   0%         6-21      100%        5
 Summon Hydra             Summ           0%         N/A       100%        7


Dungeon Overview and Level Annotations

Branches:
Dungeon (3/15)

Altars:
Elyvilon

Annotations:
D:3 2 transporters, sdfx's ghost, amateur MDRe


Innate Abilities, Weirdness & Mutations

You are a hulking beast.
Your limbs bulge with bestial killing power. (Slay +2)
Your plain brown scales are hard. (AC +5)
You cannot fit into any form of body armour.
You are cold-blooded and may be slowed by cold attacks.


Message History

You puncture the gnoll!
You kill the gnoll!
You barely miss the gnoll.
The gnoll hits you from afar with a +0 halberd.
The gnoll hits you but does no damage.
You hit the gnoll.
The gnoll is lightly wounded.
The gnoll hits you from afar with a +0 halberd.
The gnoll misses you.
You hit the gnoll. You drain the gnoll.
The gnoll is almost dead.
The gnoll misses you.
The gnoll hits you from afar with a +0 halberd.
You are too injured to fight recklessly!
You are too injured to fight recklessly!
You are too injured to fight recklessly!
You are too injured to fight recklessly!
You are too injured to fight recklessly!
You are too injured to fight recklessly!
You are too injured to fight recklessly!
You are too injured to fight recklessly!
You are too injured to fight recklessly!
Unknown command.
You closely miss the gnoll.
The gnoll is almost dead.
The gnoll hits you from afar with a +0 halberd.
The gnoll barely misses you.
You hit the gnoll.
You kill the gnoll!
The gnoll barely misses you. The gnoll hits you with a +0 halberd!
* * * LOW HITPOINT WARNING * * *
Items here: )) ††.
You hit the gnoll.
The gnoll is lightly wounded.
The gnoll barely misses you.
You hit the gnoll. You drain the gnoll.
The gnoll is severely wounded.
The gnoll hits you with a +0 halberd!
You die...

.............####..#.##.#
#.#
########.########.###.#.##
#.# #.##......##
##...####.# #.##.#####.#
#.........#
#...........#.#...######
####.####### ##.## #.# #..
#.# ########.# #g# #.#
.........# #h# #.#
.........# #.# #.#
.........# #.# #.####
##########..# #.# #....#
........©#..# #.# ####.#
.. ......#..# #.# #.# #
#.###..#..# #.# #.#
#ß#.#ß#..#..# #.# #.#
........?#..####.# #.#


You could see a gnoll (very drained).

Vanquished Creatures
  Natasha (D:2)
  2 gnolls (D:3)
  An adder (D:3)
  3 dart slugs
  4 orcs (D:3)
  3 endoplasms
  5 giant cockroaches
  5 goblins
  7 hobgoblins
  4 jackals (D:2)
  5 kobolds
  A quokka (D:1)
  5 ball pythons
  4 bats
  3 frilled lizards (D:1)
  2 rats
55 creatures vanquished.

Notes
Turn   | Place    | Note
-------+----------+-------------------------------------------
     0 | D:1      | dialectric the Draconian Shapeshifter began the quest for
                  | the Orb.
     0 | D:1      | Reached XP level 1. HP: 16/16 MP: 1/1
   133 | D:1      | Reached XP level 2. HP: 22/23 MP: 2/2
   361 | D:1      | Reached XP level 3. HP: 19/29 MP: 3/3
   818 | D:1      | Found a faded altar of an unknown god.
  1210 | D:2      | Reached XP level 4. HP: 37/37 MP: 4/4
  1275 | D:2      | Noticed Natasha
  1280 | D:2      | Killed Natasha
  1463 | D:3      | Found a transporter.
  1492 | D:3      | Noticed sdfx's ghost (amateur MDRe)
  1755 | D:3      | Found a white marble altar of Elyvilon.
  1885 | D:3      | Reached skill level 1 in Maces & Flails
  1914 | D:3      | Reached XP level 5. HP: 45/45 MP: 5/5
  1946 | D:3      | Found a transporter.
  1974 | D:3      | Slain by a gnoll

Illustrated notes

Levels and vault maps discovered:
D:1:      orjb1_clovarrival, layout_basic, chequers_ecumenical_altar_lobes,
          serial_forest, infiniplex_forest_lined_room_2,
          infiniplex_forest_straight_3, infiniplex_forest_clump_small,
          infiniplex_forest_end_double, infiniplex_forest_clump_C,
          infiniplex_forest_end_2, infiniplex_forest_lined_3_way,
          minmay_pentomino_r4
D:2:      layout_basic, st_stairs_11, uniq_natasha
D:3:      layout_loops_ring, nicolae_elyvilon_peaceful_grove,
          gammafunk_ghost_mausoleum, nrook_campfire

Skill      XL: |  1  2  3  4 |
---------------+-------------+-----
Dodging        | 2 |  2.7
Fighting       | 2 3 |  3.6
Maces & Flails | 1 |  1.1
Unarmed Combat | |  3.1
Shapeshifting  | |  3.7

Action                     |  1- 3 |  4- 6 || total
---------------------------+-------+-------++-------
  Melee: Unarmed           |    56 |       ||    56
         Tailslap          |     9 |     7 ||    16
         Dagger            |    27 |    45 ||    72
         Whip              |     4 |       ||     4
   Stab: Sleeping          |       |     4 ||     4
 Armour: Skin              |    47 |    24 ||    71
  Dodge: Dodged            |    43 |    16 ||    59

Table legend: (Time is in decaauts)
 A = Elapsed time spent in this place.
 B = Non-inter-level travel time spent in this place.
 C = Inter-level travel time spent in this place.
 D = Time resting spent in this place.
 E = Time spent auto-exploring this place.
 F = Levels seen in this place.
 G = Mean time per level.
                   A        B        C        D        E       F      G
               +--------+--------+--------+--------+--------+-----+--------+
         Total |   1987 |   1906 |     81 |      0 |   1558 |   3 |  662.3 |
       Dungeon |   1987 |   1906 |     81 |      0 |   1558 |   3 |  662.3 |
               +--------+--------+--------+--------+--------+-----+--------+

Top non-repeatable levels by time:
     D:1: 946 daAuts
     D:3: 633 daAuts
     D:2: 407 daAuts
